| TOP OF THE 1ST |
|
Missoula Osprey batting - Pitching for Grand Junction Rockies : LHP Kyle Mearkle
|
|
Pitching: LHP Kyle Mearkle
|
|
|
Batting: RHB Nate Spencer
|
0-0: Ground out 3-1 (Groundball, 34, EV 106.9 MPH)
|
|
Batting: SHB Roger Holmes
|
0-0: Called Strike 0-1: Foul Ball, location: 2F 0-2: Foul Ball, location: 2F 0-2: Ground out 6-3 (Groundball, 6M, EV 82.5 MPH)
|
|
Batting: RHB Antonio Luisa
|
0-0: Called Strike 0-1: Foul Ball, location: 2F 0-2: Ball 1-2: Foul Ball, location: 2F 1-2: DOUBLE (Line Drive, 89D, EV 103.1 MPH)
|
|
Batting: RHB Steve Machol
|
0-0: Ball 1-0: Fly out, F4 (Popup, 34S, EV 76.2 MPH)
|
| Top of the 1st over - 0 runs, 1 hit, 0 errors, 1 left on base; Missoula 0 - Grand Junction 0 |
| BOTTOM OF THE 1ST |
|
Grand Junction Rockies batting - Pitching for Missoula Osprey : RHP Dan Thompson
|
|
Pitching: RHP Dan Thompson
|
|
|
Batting: RHB Juan Figueroa
|
0-0: Fly out, F8 (Flyball, 8RD, EV 100.0 MPH)
|
|
Batting: RHB Henry Alvizo
|
0-0: Ball 1-0: Ball 2-0: SOLO HOME RUN (Flyball, 9D, EV 112.5 MPH), Distance : 406 ft
|
|
Batting: RHB John Boyer
|
0-0: Ball 1-0: Foul Ball, location: 2F 1-1: Called Strike 1-2: Ball 2-2: Foul Ball, location: 2F 2-2: Ball 3-2: Fly out, F9 (Line Drive, 9, EV 90.0 MPH)
|
|
Batting: LHB Zack Guillen
|
0-0: Ball 1-0: Called Strike 1-1: Ball 2-1: Ball 3-1: Called Strike 3-2: Foul Ball, location: 2F 3-2: Base on Balls
|
|
Batting: LHB Luke Coulter
|
0-0: Ball Zack Guillen steals 2nd base 1-0: DOUBLE (Flyball, 89XD, EV 98.8 MPH) Zack Guillen scores
|
|
Batting: LHB Michael Krott
|
0-0: Called Strike 0-1: SINGLE (Line Drive, 4D, EV 97.5 MPH) Luke Coulter to third
|
|
Batting: RHB Chris Osting
|
0-0: Ball 1-0: Called Strike 1-1: Fly out, F7 (Flyball, 7LD, EV 105.6 MPH)
|
| Bottom of the 1st over - 2 runs, 3 hits, 0 errors, 2 left on base; Missoula 0 - Grand Junction 2 |
| TOP OF THE 2ND |
|
Missoula Osprey batting - Pitching for Grand Junction Rockies : LHP Kyle Mearkle
|
|
Batting: RHB Chad Mendoza
|
0-0: Ball 1-0: Called Strike 1-1: Called Strike 1-2: Foul Ball, location: 2F 1-2: Foul Ball, location: 2F 1-2: Strikes out looking
|
|
Batting: LHB Jeff Harmon
|
0-0: Foul Ball, location: 2F 0-1: Ball 1-1: Fly out, F9 (Flyball, 9, EV 78.8 MPH)
|
|
Batting: LHB Enrique Ponce
|
0-0: Called Strike 0-1: Called Strike 0-2: Ball 1-2: Ball 2-2: Strikes out swinging
|
| Top of the 2nd over - 0 runs, 0 hits, 0 errors, 0 left on base; Missoula 0 - Grand Junction 2 |
| BOTTOM OF THE 2ND |
|
Grand Junction Rockies batting - Pitching for Missoula Osprey : RHP Dan Thompson
|
|
Batting: RHB Willis Morales
|
0-0: Ball 1-0: Swinging Strike 1-1: Swinging Strike 1-2: Ball 2-2: Foul Ball, location: 2F 2-2: Ball 3-2: Base on Balls
|
|
Batting: RHB Keith Giarratano
|
0-0: Ball 1-0: Fielders Choice at 2nd, 1-6 (Groundball, 13S, EV 73.8 MPH)
|
|
Batting: RHB Juan Figueroa
|
0-0: Ball 1-0: Called Strike 1-1: Swinging Strike 1-2: Strikes out looking
|
|
Batting: RHB Henry Alvizo
|
0-0: Foul Ball, location: 2F 0-1: Ball 1-1: Foul Ball, location: 2F 1-2: 2-RUN HOME RUN (Line Drive, 9D, EV 103.8 MPH), Distance : 398 ft
|
|
Batting: RHB John Boyer
|
0-0: Ball 1-0: Foul Ball, location: 2F 1-1: Foul Ball, location: 2F 1-2: DOUBLE (Line Drive, 3D, EV 96.9 MPH)
|
|
Batting: LHB Zack Guillen
|
0-0: Ball 1-0: Foul Ball, location: 2F 1-1: Ball 2-1: Ball 3-1: Foul Ball, location: 2F 3-2: 2-RUN HOME RUN (Flyball, 9LD, EV 96.9 MPH), Distance : 360 ft
|
|
Batting: LHB Luke Coulter
|
0-0: Ball 1-0: Ground out 5-3 (Groundball, 56S, EV 84.4 MPH)
|
| Bottom of the 2nd over - 4 runs, 3 hits, 0 errors, 0 left on base; Missoula 0 - Grand Junction 6 |
| TOP OF THE 3RD |
|
Missoula Osprey batting - Pitching for Grand Junction Rockies : LHP Kyle Mearkle
|
|
Batting: SHB Lee Dillon
|
0-0: Ground out 1-3 (Groundball, 13S, EV 60.6 MPH)
|
|
Batting: LHB Tae-geun Kwang
|
0-0: Ball 1-0: Ball 2-0: Called Strike 2-1: Foul Ball, location: 2F 2-2: Strikes out looking
|
|
Batting: RHB Nate Spencer
|
0-0: Ball 1-0: Ball 2-0: Foul Ball, location: 2F 2-1: Foul Ball, location: 2F 2-2: Ball 3-2: Base on Balls
|
|
Batting: SHB Roger Holmes
|
0-0: Ball 1-0: Called Strike 1-1: Foul Ball, location: 2F 1-2: SINGLE (Groundball, 6MS, EV 82.5 MPH) (infield hit) Nate Spencer to second
|
|
Batting: RHB Antonio Luisa
|
0-0: Ball 1-0: Foul Ball, location: 2F 1-1: Ball 2-1: Called Strike 2-2: Foul Ball, location: 2F 2-2: SINGLE (Line Drive, 6M, EV 106.9 MPH) Nate Spencer to third Roger Holmes to second
|
|
Batting: RHB Steve Machol
|
0-0: Called Strike 0-1: Ball 1-1: Ball 2-1: Foul Ball, location: 2F 2-2: Hit by Pitch Nate Spencer scores Roger Holmes to third Antonio Luisa to second
|
|
Batting: RHB Chad Mendoza
|
0-0: DOUBLE (Flyball, 8RXD, EV 100.0 MPH) Roger Holmes scores Antonio Luisa scores Steve Machol to third
|
|
Batting: LHB Jeff Harmon
|
0-0: Called Strike 0-1: Ball 1-1: Foul Ball, location: 2F 1-2: Fly out, F8 (Flyball, 78M, EV 93.8 MPH)
|
| Top of the 3rd over - 3 runs, 3 hits, 0 errors, 2 left on base; Missoula 3 - Grand Junction 6 |
| BOTTOM OF THE 3RD |
|
Grand Junction Rockies batting - Pitching for Missoula Osprey : RHP Dan Thompson
|
|
Batting: LHB Michael Krott
|
0-0: Called Strike 0-1: Ground out 4-3 (Groundball, 34, EV 101.9 MPH)
|
|
Batting: RHB Chris Osting
|
0-0: Swinging Strike 0-1: Ball 1-1: Called Strike 1-2: Ball 2-2: SOLO HOME RUN (Line Drive, 7LD, EV 92.5 MPH), Distance : 345 ft
|
|
Pitching: RHP John Petersen
|
|
|
Batting: RHB Willis Morales
|
0-0: Ball 1-0: Called Strike 1-1: Swinging Strike 1-2: Ball 2-2: Ball 3-2: Strikes out looking
|
|
Batting: RHB Keith Giarratano
|
0-0: Swinging Strike 0-1: Ball 1-1: Swinging Strike 1-2: Strikes out swinging
|
| Bottom of the 3rd over - 1 run, 1 hit, 0 errors, 0 left on base; Missoula 3 - Grand Junction 7 |
| TOP OF THE 4TH |
|
Missoula Osprey batting - Pitching for Grand Junction Rockies : LHP Kyle Mearkle
|
|
Batting: LHB Enrique Ponce
|
0-0: Ball 1-0: Ball 2-0: Ball 3-0: Base on Balls
|
|
Batting: SHB Lee Dillon
|
0-0: Called Strike 0-1: Ball 1-1: Called Strike 1-2: Strikes out swinging
|
|
Pitching: RHP Jim Micaletti
|
|
|
Batting: LHB Tae-geun Kwang
|
0-0: Ball Enrique Ponce is caught stealing 2nd base 2-6 1-0: Called Strike 1-1: Fly out, F7 (Flyball, 7, EV 92.5 MPH)
|
| Top of the 4th over - 0 runs, 0 hits, 0 errors, 0 left on base; Missoula 3 - Grand Junction 7 |
| BOTTOM OF THE 4TH |
|
Grand Junction Rockies batting - Pitching for Missoula Osprey : RHP John Petersen
|
|
Batting: RHB Juan Figueroa
|
0-0: Called Strike 0-1: Ball 1-1: SINGLE (Flyball, 9S, EV 93.8 MPH)
|
|
Batting: RHB Henry Alvizo
|
0-0: Ball 1-0: Ball 2-0: 2-RUN HOME RUN (Flyball, 7D, EV 97.5 MPH), Distance : 383 ft
|
|
Batting: RHB John Boyer
|
0-0: SINGLE (Groundball, 6MD, EV 108.1 MPH)
|
|
Batting: LHB Zack Guillen
|
0-0: Ball 1-0: Called Strike 1-1: Ball 2-1: Swinging Strike 2-2: Ball 3-2: Foul Ball, location: 2F 3-2: Base on Balls John Boyer to second
|
|
Pitching: RHP Rick Foster
|
|
|
Batting: LHB Luke Coulter
|
0-0: Called Strike 0-1: Called Strike 0-2: Ball 1-2: Ball 2-2: Ball 3-2: Foul Ball, location: 2F 3-2: Base on Balls John Boyer to third Zack Guillen to second
|
|
Batting: LHB Michael Krott
|
0-0: Foul Ball, location: 2F 0-1: Ball 1-1: SINGLE (Line Drive, 8LS, EV 90.0 MPH) John Boyer scores Zack Guillen to third Luke Coulter to second
|
|
Batting: RHB Chris Osting
|
0-0: Called Strike 0-1: GRAND SLAM HOME RUN (Flyball, 89XD, EV 111.9 MPH), Distance : 439 ft
|
|
Batting: RHB Willis Morales
|
0-0: Ball 1-0: Ball 2-0: Ball 3-0: Called Strike 3-1: Base on Balls
|
|
Batting: RHB Keith Giarratano
|
0-0: Called Strike 0-1: Foul Ball, location: 2F 0-2: Ball 1-2: Strikes out swinging
|
|
Pitching: RHP Jonathan Mora
|
|
|
Batting: RHB Juan Figueroa
|
0-0: Swinging Strike 0-1: Ball 1-1: Ball 2-1: Foul Ball, location: 2F 2-2: 2-RUN HOME RUN (Flyball, 7D, EV 97.5 MPH), Distance : 378 ft
|
|
Batting: RHB Henry Alvizo
|
0-0: Ball 1-0: Ball 2-0: Ball 3-0: Base on Balls
|
|
Batting: RHB John Boyer
|
0-0: Foul Ball, location: 2F 0-1: Ball 1-1: Fly out, F8 (Flyball, 8LXD, EV 89.4 MPH)
|
|
Batting: LHB Zack Guillen
|
0-0: Called Strike 0-1: Ball 1-1: Ball 2-1: Ball 3-1: Called Strike 3-2: Base on Balls Henry Alvizo to second
|
|
Batting: LHB Luke Coulter
|
0-0: Called Strike 0-1: Ball 1-1: Foul Ball, location: 2F 1-2: Strikes out looking
|
| Bottom of the 4th over - 9 runs, 6 hits, 0 errors, 2 left on base; Missoula 3 - Grand Junction 16 |
| TOP OF THE 5TH |
|
Missoula Osprey batting - Pitching for Grand Junction Rockies : RHP Jim Micaletti
|
|
Batting: RHB Nate Spencer
|
0-0: Called Strike 0-1: Ball 1-1: Ground out U3 (Groundball, 34, EV 88.8 MPH)
|
|
Batting: SHB Roger Holmes
|
0-0: Called Strike 0-1: DOUBLE (Flyball, 8RXD, EV 102.5 MPH)
|
|
Batting: RHB Antonio Luisa
|
0-0: Ball 1-0: SINGLE (Groundball, 6D, EV 105.0 MPH) Roger Holmes to third Runner from 3rd tries for Home, SAFE, throw by CF to home
|
|
Batting: RHB Steve Machol
|
0-0: Swinging Strike 0-1: Fly out, F6 (Popup, 56, EV 50.6 MPH)
|
|
Batting: RHB Chad Mendoza
|
0-0: Ball 1-0: Called Strike 1-1: Ball 2-1: Fielders Choice at 2nd, 6-4 (Groundball, 6, EV 104.4 MPH)
|
| Top of the 5th over - 1 run, 2 hits, 0 errors, 1 left on base; Missoula 4 - Grand Junction 16 |
| BOTTOM OF THE 5TH |
|
Grand Junction Rockies batting - Pitching for Missoula Osprey : RHP Jonathan Mora
|
|
Batting: LHB Michael Krott
|
0-0: Ground out 4-3 (Groundball, 4, EV 83.1 MPH)
|
|
Batting: RHB Chris Osting
|
0-0: Ground out U3 (Groundball, 3, EV 86.2 MPH)
|
|
Batting: RHB Willis Morales
|
0-0: Ball 1-0: Foul Ball, location: 2F 1-1: Foul Ball, location: 2F 1-2: Ball 2-2: Ball 3-2: Base on Balls
|
|
Batting: RHB Keith Giarratano
|
0-0: Called Strike 0-1: Ball 1-1: Ball 2-1: Ball 3-1: Foul Ball, location: 2F 3-2: Base on Balls Willis Morales to second
|
|
Batting: RHB Juan Figueroa
|
0-0: Foul Ball, location: 2F 0-1: Ball 1-1: Ball 2-1: Foul Ball, location: 2F 2-2: Foul Ball, location: 2F 2-2: Foul Ball, location: 2F 2-2: Strikes out looking
|
| Bottom of the 5th over - 0 runs, 0 hits, 0 errors, 2 left on base; Missoula 4 - Grand Junction 16 |
| TOP OF THE 6TH |
|
Missoula Osprey batting - Pitching for Grand Junction Rockies : RHP Jim Micaletti
|
|
Batting: LHB Jeff Harmon
|
0-0: Called Strike 0-1: Foul Ball, location: 2F 0-2: Foul Ball, location: 2F 0-2: Ball 1-2: Ball 2-2: Foul Ball, location: 2F 2-2: Fly out, F8 (Line Drive, 8RM, EV 95.6 MPH)
|
|
Pitching: RHP Andy Rayer
|
|
|
Batting: LHB Enrique Ponce
|
0-0: Ball 1-0: Called Strike 1-1: Foul Ball, location: 2F 1-2: Ball 2-2: Ball 3-2: Fly out, F6 (Flyball, 56D, EV 86.9 MPH)
|
|
Batting: SHB Lee Dillon
|
0-0: Foul Ball, location: 2F 0-1: Ball 1-1: Swinging Strike 1-2: Ball 2-2: Ball 3-2: SINGLE (Line Drive, 6M, EV 103.8 MPH)
|
|
Batting: LHB Tae-geun Kwang
|
0-0: Swinging Strike 0-1: Ball 1-1: Ball 2-1: Ground out 6-3 (Groundball, P, EV 88.8 MPH)
|
| Top of the 6th over - 0 runs, 1 hit, 0 errors, 1 left on base; Missoula 4 - Grand Junction 16 |
| BOTTOM OF THE 6TH |
|
Grand Junction Rockies batting - Pitching for Missoula Osprey : RHP Jonathan Mora
|
|
Batting: RHB Henry Alvizo
|
0-0: Ball 1-0: Ball 2-0: Called Strike 2-1: Ball 3-1: Called Strike 3-2: Foul Ball, location: 2F 3-2: Base on Balls
|
|
Pitching: RHP Ed Vargas
|
|
|
Batting: RHB John Boyer
|
0-0: Swinging Strike 0-1: Foul Ball, location: 2F 0-2: Foul Ball, location: 2F 0-2: Ball 1-2: Foul Ball, location: 2F 1-2: SINGLE (Line Drive, 7S, EV 99.4 MPH) Henry Alvizo to second
|
|
Batting: LHB Zack Guillen
|
0-0: Ball 1-0: Ball Wild Pitch! Henry Alvizo to third John Boyer to second 2-0: DOUBLE (Line Drive, 9LM, EV 101.9 MPH) Henry Alvizo scores John Boyer scores
|
|
Batting: LHB Luke Coulter
|
0-0: Ball 1-0: Ball 2-0: Ball 3-0: Called Strike 3-1: Base on Balls
|
|
Batting: LHB Michael Krott
|
0-0: Ball 1-0: Ball Wild Pitch! Zack Guillen to third Luke Coulter to second 2-0: Foul Ball, location: 2F 2-1: Swinging Strike 2-2: Strikes out swinging
|
|
Batting: RHB Chris Osting
|
0-0: Ball 1-0: Foul Ball, location: 2F 1-1: Ball Wild Pitch! Zack Guillen scores Luke Coulter to third 2-1: Called Strike 2-2: Ball 3-2: Base on Balls
|
|
Batting: RHB Willis Morales
|
0-0: Ball Wild Pitch! Luke Coulter scores Chris Osting to second 1-0: Called Strike 1-1: Fly out, F8 (Flyball, 8LS, EV 88.1 MPH)
|
|
Batting: RHB Keith Giarratano
|
0-0: Called Strike 0-1: Foul Ball, location: 2F 0-2: Ball 1-2: Ball 2-2: Foul Ball, location: 2F 2-2: Ball 3-2: Ground out 4-3 (Groundball, 4, EV 91.2 MPH)
|
| Bottom of the 6th over - 4 runs, 2 hits, 0 errors, 1 left on base; Missoula 4 - Grand Junction 20 |
| TOP OF THE 7TH |
|
Missoula Osprey batting - Pitching for Grand Junction Rockies : RHP Andy Rayer
|
|
Batting: RHB Nate Spencer
|
0-0: Called Strike 0-1: Fly out, F6 (Flyball, 56D, EV 84.4 MPH)
|
|
Batting: SHB Roger Holmes
|
0-0: Foul Ball, location: 2F 0-1: Foul Ball, location: 2F 0-2: Foul Ball, location: 2F 0-2: Ball 1-2: Ball 2-2: SINGLE (Groundball, 3D, EV 105.6 MPH)
|
|
Batting: RHB Antonio Luisa
|
0-0: Ground out U3 (Groundball, 3, EV 106.9 MPH) Roger Holmes to second
|
|
Batting: RHB Steve Machol
|
0-0: Ball Wild Pitch! Roger Holmes to third 1-0: Swinging Strike 1-1: Ground out 5-3 (Groundball, 56, EV 89.4 MPH)
|
| Top of the 7th over - 0 runs, 1 hit, 0 errors, 1 left on base; Missoula 4 - Grand Junction 20 |
| BOTTOM OF THE 7TH |
|
Grand Junction Rockies batting - Pitching for Missoula Osprey : RHP Ed Vargas
|
|
Batting: RHB Juan Figueroa
|
0-0: Ball 1-0: Called Strike 1-1: Foul Ball, location: 2F 1-2: Ball 2-2: Foul Ball, location: 2F 2-2: Ball 3-2: Base on Balls
|
|
Batting: RHB Henry Alvizo
|
0-0: Foul Ball, location: 2F 0-1: Foul Ball, location: 2F 0-2: Ball 1-2: Ball 2-2: Ball 3-2: Foul Ball, location: 2F 3-2: Foul Ball, location: 2F 3-2: Base on Balls Juan Figueroa to second
|
|
Pitching: RHP Mike Eagerton
|
|
|
Batting: RHB John Boyer
|
0-0: Ball 1-0: Swinging Strike 1-1: SINGLE (Line Drive, 7S, EV 89.4 MPH) Juan Figueroa to third Henry Alvizo to second Runner from 3rd tries for Home, throw by LF and OUT! 7-2
|
|
Batting: LHB Zack Guillen
|
0-0: Foul Ball, location: 2F 0-1: Ball 1-1: Called Strike 1-2: 3-RUN HOME RUN (Flyball, 7LD, EV 95.6 MPH), Distance : 353 ft
|
|
Batting: LHB Luke Coulter
|
0-0: Ball 1-0: Ball 2-0: SOLO HOME RUN (Flyball, 7D, EV 97.5 MPH), Distance : 384 ft
|
|
Batting: LHB Michael Krott
|
0-0: Ball 1-0: Ball 2-0: SINGLE (Groundball, 4M, EV 101.9 MPH) (infield hit)
|
|
Batting: RHB Chris Osting
|
0-0: Called Strike 0-1: TRIPLE (Groundball, 3L, EV 95.0 MPH) Michael Krott scores
|
|
Pitching: RHP Edwin Romero
|
|
|
Batting: RHB Willis Morales
|
0-0: Ball 1-0: Ball 2-0: Ball 3-0: Called Strike 3-1: Called Strike 3-2: Base on Balls
|
|
Batting: RHB Keith Giarratano
|
0-0: Ball 1-0: Fielders Choice at 2nd, 4-6 (Groundball, 34, EV 83.8 MPH) Chris Osting scores
|
|
Batting: RHB Juan Figueroa
|
0-0: Ball 1-0: Called Strike 1-1: Ball 2-1: Swinging Strike 2-2: Ball 3-2: Strikes out looking
|
| Bottom of the 7th over - 6 runs, 5 hits, 0 errors, 1 left on base; Missoula 4 - Grand Junction 26 |
| TOP OF THE 8TH |
|
Missoula Osprey batting - Pitching for Grand Junction Rockies : RHP Andy Rayer
|
|
Batting: RHB Chad Mendoza
|
0-0: Swinging Strike 0-1: Ball 1-1: Ball 2-1: Ball 3-1: DOUBLE (Line Drive, 7LM, EV 91.9 MPH)
|
|
Batting: LHB Jeff Harmon
|
0-0: Called Strike 0-1: Called Strike 0-2: Ball 1-2: Ground out 4-3 (Groundball, 4, EV 77.5 MPH) Chad Mendoza to third
|
|
Batting: LHB Enrique Ponce
|
0-0: Ball 1-0: Foul Ball, location: 2F 1-1: SINGLE (Groundball, 34S, EV 71.9 MPH) (infield hit)
|
|
Batting: SHB Lee Dillon
|
0-0: Foul Ball, location: 2F 0-1: Ball Passed Ball! Chad Mendoza scores Enrique Ponce to second 1-1: Foul Ball, location: 2F 1-2: Ball 2-2: Foul Ball, location: 2F 2-2: Foul Ball, location: 2F 2-2: Ball 3-2: SINGLE (Groundball, 34D, EV 90.6 MPH) (infield hit) Enrique Ponce to third
|
|
Pitching: RHP Zakhar Edelman
|
|
|
Batting: LHB Tae-geun Kwang
|
0-0: Swinging Strike 0-1: Ball 1-1: 3-RUN HOME RUN (Flyball, 9D, EV 98.8 MPH), Distance : 393 ft
|
|
Batting: RHB Nate Spencer
|
0-0: Foul Ball, location: 2F 0-1: Ball 1-1: Called Strike 1-2: Fly out, F9 (Flyball, 89S, EV 79.4 MPH)
|
|
Batting: SHB Roger Holmes
|
0-0: Swinging Strike 0-1: Ball 1-1: Ball 2-1: Foul Ball, location: 2F 2-2: Ball 3-2: Base on Balls
|
|
Batting: RHB Antonio Luisa
|
0-0: Hit by Pitch Roger Holmes to second
|
|
Batting: RHB Steve Machol
|
0-0: Ball 1-0: Called Strike 1-1: Ball 2-1: 3-RUN HOME RUN (Flyball, 78XD, EV 108.8 MPH), Distance : 443 ft
|
|
Pitching: LHP Jason Ryan
|
|
|
Batting: RHB Chad Mendoza
|
0-0: Ball 1-0: Ball 2-0: Fly out, F9 (Flyball, 9LD, EV 90.0 MPH)
|
| Top of the 8th over - 7 runs, 5 hits, 0 errors, 0 left on base; Missoula 11 - Grand Junction 26 |
| BOTTOM OF THE 8TH |
|
Grand Junction Rockies batting - Pitching for Missoula Osprey : RHP Edwin Romero
|
|
Batting: RHB Henry Alvizo
|
0-0: Called Strike 0-1: Ball 1-1: Foul Ball, location: 2F 1-2: Ball 2-2: Foul Ball, location: 2F 2-2: Ball 3-2: Foul Ball, location: 2F 3-2: Foul Ball, location: 2F 3-2: Foul Ball, location: 2F 3-2: Base on Balls
|
|
Batting: RHB John Boyer
|
0-0: Called Strike 0-1: Foul Ball, location: 2F 0-2: SINGLE (Groundball, 6MD, EV 105.0 MPH) Henry Alvizo to second
|
|
Batting: LHB Zack Guillen
|
0-0: Ball 1-0: Ball 2-0: Called Strike 2-1: Ball 3-1: Base on Balls Henry Alvizo to third John Boyer to second
|
|
Batting: LHB Luke Coulter
|
0-0: Ball 1-0: Ball 2-0: Fielders Choice at 2nd, 3-6 (Groundball, 34, EV 88.1 MPH) Henry Alvizo scores John Boyer to third
|
|
Batting: LHB Michael Krott
|
0-0: Foul Ball, location: 2F 0-1: Called Strike 0-2: Strikes out swinging
|
|
Batting: RHB Chris Osting
|
0-0: Called Strike 0-1: Swinging Strike 0-2: Strikes out looking
|
| Bottom of the 8th over - 1 run, 1 hit, 0 errors, 2 left on base; Missoula 11 - Grand Junction 27 |
| TOP OF THE 9TH |
|
Missoula Osprey batting - Pitching for Grand Junction Rockies : LHP Jason Ryan
|
|
Batting: LHB Jeff Harmon
|
0-0: Foul Ball, location: 2F 0-1: Ball 1-1: Ball 2-1: Ball 3-1: Foul Ball, location: 2F 3-2: Foul Ball, location: 2F 3-2: Base on Balls
|
|
Batting: LHB Enrique Ponce
|
0-0: Called Strike 0-1: SINGLE (Groundball, 6D, EV 99.4 MPH) Jeff Harmon to second
|
|
Batting: SHB Lee Dillon
|
0-0: Ball 1-0: Fielders Choice at 2nd, 3-6 (Groundball, 34S, EV 85.6 MPH) Jeff Harmon to third
|
|
Pinch Hitting: SHB Evan Armagost
|
0-0: Ball Balk! Jeff Harmon scores Lee Dillon to second 1-0: Ball 2-0: DOUBLE (Line Drive, 78M, EV 95.0 MPH) Lee Dillon scores
|
|
Batting: RHB Nate Spencer
|
Balk! Evan Armagost to third 0-0: Fly out, F9 (Line Drive, 9, EV 94.4 MPH)
|
|
Batting: SHB Roger Holmes
|
0-0: Ground out 6-3 (Groundball, 6, EV 104.4 MPH)
|
| Top of the 9th over - 2 runs, 2 hits, 0 errors, 1 left on base; Missoula 13 - Grand Junction 27 |
|